 Dungeon Crawl Stone Soup version 0.29.1-12-g30fa7ad0bf (webtiles) character file.

Game seed: 8238436628699759405

3420 Stardrizzle the Protected (level 9, -2/79 HPs)
             Began as a Minotaur Fighter on Dec 26, 2022.
             Was a Follower of Wu Jian.
             Killed by divine providence
             ... invoked by an orc priest
              (13 damage)
             ... on level 7 of the Dungeon.
             The game lasted 00:31:56 (7171 turns).

Stardrizzle the Protected (Minotaur Fighter)        Turns: 7171, Time: 00:31:56

Health: -2/79      AC: 16    Str: 31    XL:     9   Next: 76%
Magic:  8/8        EV: 28    Int:  5    God:    Wu Jian [*.....]
Gold:   356        SH:  5    Dex: 10    Spells: 8/8 levels left

rFire   . . .      SeeInvis .   r - +6 flail (protect)
rCold   . . .      Faith    .   c - +0 buckler
rNeg    . . .      Spirit   .   j - +0 chain mail
rPois   .          Reflect  .   (helmet restricted)
rElec   .          Harm     .   O - +0 cloak
rCorr   .          Rampage  .   X - +0 pair of gloves
Will    .....                   l - +1 pair of boots
Stlth   ..........              F - amulet of the acrobat
HPRegen 0.23/turn               L - +6 ring of strength
MPRegen 0.11/turn               T - +4 ring of evasion

@: mighty, acrobatic
A: horns 2, retaliatory headbutt
a: Renounce Religion


You were on level 7 of the Dungeon.
You worshipped Wu Jian.
Wu Jian was aware of your devotion.
You visited 2 branches of the dungeon, and saw 8 of its levels.

You collected 356 gold pieces.

Inventory:

Hand Weapons
 a - a +0 vorpal war axe
 d - a +4 halberd
 e - a +6 battleaxe
 k - a +4 war axe of venom
 n - a +0 quarterstaff
 r - a +6 flail of protection (weapon)
 s - a +4 great sword of freezing
 u - a +1 battleaxe
 z - a +5 spear
 D - a +0 whip of electrocution
 I - the +7 dagger "Mavess" {venom, Str+4}
   (You found it on level 3 of the Dungeon)

   It poisons the flesh of those it strikes.
   Str:       It affects your strength (+4).
Missiles
 f - 61 stones (quivered)
Armour
 b - a +1 scale mail
 c - a +0 buckler (worn)
 j - a +0 chain mail (worn)
 l - a +1 pair of boots (worn)
 v - a +0 robe
 O - a +0 cloak (worn)
 Q - an orb of guile
 X - a +0 pair of gloves (worn)
Magical Staves
 N - a staff of death
 Z - a staff of poison
Jewellery
 g - a ring of fire
 F - an amulet of the acrobat (around neck)
 L - a +6 ring of strength (left hand)
 T - a +4 ring of evasion (right hand)
Wands
 E - a wand of roots (9)
 P - a wand of flame (41)
Scrolls
 h - 3 scrolls of teleportation
 i - a scroll of brand weapon
 o - a scroll of enchant weapon {unknown}
 w - 4 scrolls of identify
 x - 2 scrolls of butterflies {unknown}
 y - 2 scrolls of noise
 G - a scroll of blinking
Potions
 m - a potion of attraction {unknown}
 p - 3 potions of curing {unknown}
 q - a potion of lignification {unknown}
 t - 2 potions of haste {unknown}
 A - 2 potions of magic {unknown}
 B - a potion of resistance {unknown}
 C - 3 potions of heal wounds {unknown}
 J - 3 potions of mutation {unknown}
 M - a potion of flight {unknown}
 S - a potion of degeneration {unknown}
 V - 2 potions of brilliance {unknown}
 W - a potion of berserk rage {unknown}


   Skills:
 + Level 7.3 Fighting
 + Level 1.8 Short Blades
 + Level 8.4(9.6) Axes
 + Level 7.1(9.0) Maces & Flails
 + Level 9.1 Armour
 + Level 3.6 Dodging
 + Level 0.9 Stealth
 + Level 6.0 Shields


You had 8 spell levels left.
You didn't know any spells.
Your spell library contained the following spells:

 Spells                   Type           Power      Damage    Failure   Level
 Dazzling Flash           Conj/Hex       0%         N/A       100%        3
 Agony                    Necr           0%         N/A       100%        5
 Silence                  Hex/Air        0%         N/A       100%        5


Dungeon Overview and Level Annotations

Branches:
Dungeon (7/15)             Temple (1/1) D:6

Altars:
Ashenzari
Dithmenos
Elyvilon
Fedhas
Hepliaklqana
Kikubaaqudgha
Makhleb
Nemelex Xobeh
Okawaru
Qazlal
Ru
Sif Muna
Uskayaw
Vehumet
Wu Jian
Xom
Yredelemnul
Zin
The Shining One

Shops:
D:3 *


Innate Abilities, Weirdness & Mutations

You have a pair of horns on your head.
You reflexively headbutt those who attack you in melee.


Message History

The orc warrior attacks as you move away!
You block the orc warrior's attack.
You see here a +0 flail.
The orc warrior attacks as you move away!
You block the orc warrior's attack.
You bludgeon the orc warrior!!
Your weapon exudes an aura of protection.
You headbutt the orc warrior.
You kill the orc warrior!
The Council accepts your kill.
Your base Maces & Flails skill increases to level 7!
You hit the orc warrior.
The orc warrior is severely wounded.
The orc warrior closely misses you.
The orc priest mumbles some strange prayers to Beogh against you.
Beogh smites you!
You hit the orc warrior.
The orc warrior is almost dead.
The orc warrior misses you.
You spin and attack the orc warrior.
You closely miss the orc warrior. Your headbutt misses the orc warrior.
The orc warrior is almost dead.
The orc warrior misses you.
You hit the orc warrior.
The orc warrior is almost dead.
You block the orc warrior's attack. The orc warrior closely misses you.
You bludgeon the orc warrior!!
You kill the orc warrior!
The Council accepts your kill. The orc warrior barely misses you.
The orc priest mumbles some strange prayers to Beogh against you.
Beogh smites you!
* * * LOW HITPOINT WARNING * * *
You feel very mighty all of a sudden.
The orc priest mumbles some strange prayers to Beogh against you.
Beogh smites you!
* * * LOW HITPOINT WARNING * * *
The orc priest mumbles some strange prayers to Beogh against you.
Beogh smites you!
You die...

..#.#.................#..##..#...
..#.#.................#8.....#...
..#........###........########8..
..##...###.# #.#.............###o
####>.## #.# #.#.............# #o
#.....# #.# #.#.............# #.
#.##.#####.# #.#.............# #o
#.##.......# #.#.....).......# #.
#.########## #.#@.o..........# #.
#.# ..#..o.)o.......###) #.#
#..o..).....)..... #..
#............##### ###
#............# ##############


You could see an orc warrior, an orc priest and 2 orcs.

Vanquished Creatures
  The ghost of LustLizard the Skirmisher, a novice SpHu (D:7)
  A steam dragon (D:7)
  Menkaure (D:6)
  Edmund (D:6)
  A water moccasin (D:7)
  2 orc warriors (D:7)
  2 ice beasts
  2 black bears (D:6)
  An ogre (D:7)
  2 centaurs
  A kobold brigand (D:6)
  2 bullfrogs (D:6)
  Blork the orc (D:6)
  A necrophage (D:4)
  A gnoll sergeant (D:6)
  13 wights
  3 killer bees (D:7)
  2 howler monkeys (D:7)
  3 hounds
  3 jellies
  An orc priest (D:7)
  2 iguanas
  8 adders
  4 gnolls (D:6)
  2 shadow imps (D:6)
  A white imp (D:7)
  An ufetubus (D:5)
  3 worms
  5 dart slugs
  10 orcs
  3 endoplasms
  6 giant cockroaches
  11 goblins
  8 hobgoblins
  10 jackals
  3 quokkas
  7 ball pythons
  2 bats (D:1)
  3 frilled lizards
  8 kobolds
  8 rats
  A bush (D:4)
151 creatures vanquished.

Vanquished Creatures (others)
  A wight (D:7)
  An orc (D:6)
  6 plants
8 creatures vanquished.

Grand Total: 159 creatures vanquished

Notes
Turn   | Place    | Note
-------+----------+-------------------------------------------
     0 | D:1      | Stardrizzle the Minotaur Fighter began the quest for the
                  | Orb.
     0 | D:1      | Reached XP level 1. HP: 19/19 MP: 0/0
   199 | D:1      | Reached XP level 2. HP: 27/27 MP: 1/1
   635 | D:1      | Reached XP level 3. HP: 33/33 MP: 2/2
   835 | D:1      | Found a faded altar of an unknown god.
  1710 | D:2      | Reached skill level 4 in Armour
  2391 | D:2      | Reached XP level 4. HP: 41/41 MP: 3/3
  2569 | D:3      | Identified the +7 dagger "Mavess" {venom, Str+4}
  2700 | D:3      | Found Kino's Assorted Antiques.
  3351 | D:3      | Reached XP level 5. HP: 44/47 MP: 4/4
  3907 | D:4      | Noticed an ice beast
  3919 | D:4      | Killed an ice beast
  3920 | D:4      | Reached skill level 1 in Short Blades
  3920 | D:4      | Reached skill level 5 in Armour
  3920 | D:4      | Reached skill level 1 in Dodging
  4035 | D:4      | Reached XP level 6. HP: 52/55 MP: 5/5
  4098 | D:4      | Reached skill level 5 in Fighting
  4474 | D:5      | Entered Level 5 of the Dungeon
  4502 | D:5      | Reached skill level 5 in Shields
  4557 | D:5      | Noticed an ice beast
  4596 | D:5      | Killed an ice beast
  4597 | D:5      | Reached skill level 5 in Axes
  4597 | D:5      | Reached XP level 7. HP: 51/61 MP: 6/6
  4736 | D:5      | Found an ornate altar of the Wu Jian Council.
  4865 | D:5      | Became a worshipper of the Wu Jian Council
  5185 | D:6      | Reached skill level 6 in Armour
  5208 | D:6      | Reached XP level 8. HP: 46/69 MP: 7/7
  5519 | D:6      | Noticed Blork the orc
  5534 | D:6      | Reached skill level 7 in Armour
  5534 | D:6      | Killed Blork the orc
  5839 | D:6      | Noticed Edmund
  5846 | D:6      | Killed Edmund
  6081 | D:6      | Reached skill level 1 in Maces & Flails
  6086 | D:6      | Reached skill level 8 in Armour
  6100 | D:6      | Reached * piety under Wu Jian
  6337 | D:6      | Found a staircase to the Ecumenical Temple.
  6337 | D:6      | Noticed Menkaure
  6344 | D:6      | Killed Menkaure
  6345 | D:6      | Reached XP level 9. HP: 36/78 MP: 8/8
  6562 | Temple   | Entered the Ecumenical Temple
  6901 | D:7      | Reached skill level 5 in Maces & Flails
  7115 | D:7      | Found a runed translucent gate.
  7116 | D:7      | Found a runed translucent gate.
  7118 | D:7      | Found a runed translucent gate.
  7119 | D:7      | Noticed LustLizard's ghost (novice SpHu)
  7130 | D:7      | Killed LustLizard's ghost
  7131 | D:7      | Reached skill level 9 in Armour
  7171 | D:7      | Killed from afar by an orc priest

Illustrated notes

Levels and vault maps discovered:
D:1:      wander_arrival_lonely_grave, layout_basic,
          ebering_ecumenical_altar_webs, minmay_pentomino_t2
D:2:      layout_basic, small_statue_intersection
D:3:      minmay_angry_zag, layout_basic, serial_shops,
          nicolae_shop_overgrown_old_shop, dk_noncrumbling_3,
          small_statue_intersection
D:4:      layout_rooms, serial_park_tiny_1, nicolae_figureground_pulse
D:5:      layout_rooms, mainiacjoe_overflow_alcove_1
D:6:      layout_basic, minmay_temple_entry_purple_smoke, grunt_ministairs_12,
          chequers_big_river, uniq_blork_the_orc, uniq_menkaure, uniq_edmund
D:7:      layout_basic, biasface_ghost_orc_armoury, st_stairs_9
Temple:   dpeg_three_leaves_temple

Skill      XL: |  1  2  3  4  5  6  7  8  9 |
---------------+----------------------------+-----
Fighting       | 4 5 6 7 |  7.3
Shields        | 4 5 6 |  6.0
Armour         | 4 5 6 8 9 |  9.1
Axes           | 3 4 5 6 8 |  8.4
Short Blades   | 1 |  1.8
Dodging        | 1 2 3 |  3.6
Maces & Flails | 2 7 |  7.1
Stealth        | |  0.9

Action                   |  1- 3 |  4- 6 |  7- 9 || total
-------------------------+-------+-------+-------++-------
Melee: War axe           |    86 |    87 |    53 ||   226
       Headbutt          |    12 |    21 |    28 ||    61
       Dagger            |       |    52 |       ||    52
       Flail             |       |       |    89 ||    89
Invok: Lunge             |       |       |     9 ||     9
       Whirlwind         |       |       |     4 ||     4
  Use: Scroll            |     3 |     7 |     1 ||    11
       Potion            |       |     1 |     4 ||     5
Armor: Scale mail        |    51 |    53 |     2 ||   106
       Chain mail        |       |       |    68 ||    68
Dodge: Dodged            |    44 |    92 |   129 ||   265
Block: Buckler           |    22 |    19 |    38 ||    79
